 Dungeon Crawl Stone Soup version 0.29.1-13-g9f3cf754e1 (webtiles) character file.

Game seed: 14633717160219415636

83 Thatpatchoflichen the Shooter (level 4, -6/28 HPs)
             Began as a Kobold Hunter on Jan 21, 2023.
             Mangled by Crazy Yiuf
             ... wielding a +4 quarterstaff of chaos
              (7 damage)
             ... on level 2 of the Dungeon.
             The game lasted 00:07:22 (2452 turns).

Thatpatchoflichen the Shooter (Kobold Hunter)       Turns: 2452, Time: 00:07:23

Health: -6/28      AC:  3    Str:  8    XL:     4   Next: 71%
Magic:  4/4        EV: 15    Int: 10    God:
Gold:   123        SH:  0    Dex: 20    Spells: 3/3 levels left

rFire   . . .      SeeInvis .   a - +0 shortbow
rCold   . . .      Faith    .   (shield currently unavailable)
rNeg    . . .      Spirit   .   c - +0 leather armour
rPois   .          Reflect  .   (no helmet)
rElec   .          Harm     .   (no cloak)
rCorr   .          Rampage  .   (no gloves)
Will    .....                   (no boots)
Stlth   +++.......              (no amulet)
HPRegen 0.09/turn               (no ring)
MPRegen 0.09/turn               (no ring)

@: lethally poisoned (-6 -> -14)
A: small, no large weapons, nightstalker 3
a: no special abilities


You were on level 2 of the Dungeon.
You visited 1 branch of the dungeon, and saw 3 of its levels.

You collected 123 gold pieces.

Inventory:

Hand Weapons
 a - a +0 shortbow (weapon)
 h - a +0 dagger of draining
Armour
 c - a +0 leather armour (worn)
Jewellery
 n - a ring of protection from fire
Scrolls
 b - a scroll of immolation
 e - a scroll of identify {unknown}
 i - a scroll of teleportation {unknown}
 j - a scroll of amnesia {unknown}
 l - 2 scrolls of enchant armour {unknown}
 o - a scroll of vulnerability {unknown}
 q - a scroll of summoning {unknown}
Potions
 d - 3 potions of haste {unknown}
 f - a potion of invisibility {unknown}
 g - a potion of heal wounds {unknown}
 k - a potion of lignification {unknown}
 m - a potion of curing {unknown}
 p - a potion of brilliance {unknown}


   Skills:
 * Level 3.4 Fighting
 + Level 5.8 Ranged Weapons
 * Level 3.4 Dodging
 + Level 2.8 Stealth


You had 3 spell levels left.
You didn't know any spells.
Your spell library contained the following spells:

 Spells                   Type           Power      Damage    Failure   Level
 Apportation              Tloc           0%         N/A       50%         1
 Beastly Appendage        Tmut           0%         N/A       50%         1
 Wereblood                Tmut           0%         N/A       63%         2
 Spider Form              Tmut/Pois      0%         N/A       86%         3
 Alistair's Intoxication  Tmut/Pois      0%         N/A       100%        5


Dungeon Overview and Level Annotations

Branches:
Dungeon (3/15)

Altars:
Elyvilon

Annotations:
D:2 Crazy Yiuf


Innate Abilities, Weirdness & Mutations

You are small and have problems with some larger weapons.
You are completely attuned to the shadows.


Message History

Aim: Crazy Yiuf, wielding a +4 quarterstaff of chaos and wearing a +0 cloak (lightly wounded, 69% to hit)
You shoot an arrow. The arrow hits Crazy Yiuf.
Crazy Yiuf is lightly wounded.
Crazy Yiuf hits you with a +4 quarterstaff of chaos!
Crazy Yiuf burns you.
Fire: a) +0 shortbow
Press: ? - help, Q - select action Shift-Dir - straight line, f/p - Crazy Yiuf
Aim: Crazy Yiuf, wielding a +4 quarterstaff of chaos and wearing a +0 cloak (lightly wounded, 69% to hit)
You shoot an arrow. The arrow closely misses Crazy Yiuf.
Crazy Yiuf barely misses you.
Fire: a) +0 shortbow
Press: ? - help, Q - select action Shift-Dir - straight line, f/p - Crazy Yiuf
Aim: Crazy Yiuf, wielding a +4 quarterstaff of chaos and wearing a +0 cloak (lightly wounded, 69% to hit)
You shoot an arrow. The arrow hits Crazy Yiuf!
Crazy Yiuf is severely wounded.
Crazy Yiuf closely misses you.
Fire: a) +0 shortbow
Press: ? - help, Q - select action Shift-Dir - straight line, f/p - Crazy Yiuf
Aim: Crazy Yiuf, wielding a +4 quarterstaff of chaos and wearing a +0 cloak (severely wounded, 69% to hit)
You shoot an arrow. The arrow barely misses Crazy Yiuf.
Crazy Yiuf hits you with a +4 quarterstaff of chaos.
* * * LOW HITPOINT WARNING * * *
Crazy Yiuf flaps his cloak.
Crazy Yiuf misses you.
Fire: a) +0 shortbow
Press: ? - help, Q - select action Shift-Dir - straight line, f/p - Crazy Yiuf
Aim: Crazy Yiuf, wielding a +4 quarterstaff of chaos and wearing a +0 cloak (severely wounded, 69% to hit)
You shoot an arrow. The arrow hits Crazy Yiuf.
Crazy Yiuf is almost dead.
Crazy Yiuf hits you with a +4 quarterstaff of chaos.
* * * LOW HITPOINT WARNING * * *
You are lethally poisoned!
Fire: a) +0 shortbow
Press: ? - help, Q - select action Shift-Dir - straight line, f/p - Crazy Yiuf
Aim: Crazy Yiuf, wielding a +4 quarterstaff of chaos and wearing a +0 cloak (almost dead, 69% to hit)
You shoot an arrow. The arrow barely misses Crazy Yiuf.
* * * LOW HITPOINT WARNING * * *
You feel very sick.
Crazy Yiuf hits you with a +4 quarterstaff of chaos!
You die...

#..÷..+### #.#######.####....
#........###'#............♣♣.
#.....(..##....#####.##...♣♣.
#...############ #......♣..
#...# ####..♣... #...##♣♣♣♣♣
#......... #.....♣.♣.♣♣♣ ##
######.... #........♣..♣#...
#....... #.......♣♣♣♣@g...
#....... #......♣♣ ♣♣#..)
#....... ######♣♣ ## #####...
####'## #...... ##########
######.....# #........#
#....'.....+
#........###########......
####..............##......


You could see Crazy Yiuf.

Vanquished Creatures
  2 adders (D:2)
  3 worms (D:2)
  A dart slug (D:2)
  2 ball pythons (D:1)
  5 bats
  5 endoplasms
  6 goblins
  9 hobgoblins
  3 jackals (D:1)
  4 kobolds
  A quokka (D:1)
  4 frilled lizards
  4 rats
49 creatures vanquished.

Notes
Turn   | Place    | Note
-------+----------+-------------------------------------------
     0 | D:1      | Thatpatchoflichen the Kobold Hunter began the quest for the
                  | Orb.
     0 | D:1      | Reached XP level 1. HP: 12/12 MP: 1/1
    58 | D:1      | Reached XP level 2. HP: 18/18 MP: 2/2
   539 | D:1      | Reached XP level 3. HP: 22/22 MP: 3/3
  1688 | D:2      | Reached XP level 4. HP: 28/28 MP: 4/4
  1919 | D:2      | Found a white marble altar of Elyvilon.
  2147 | D:2      | Found a faded altar of an unknown god.
  2211 | D:2      | Found a runed translucent door.
  2214 | D:2      | Noticed Crazy Yiuf
  2452 | D:2      | HP: 1/28 [poisoned by Crazy Yiuf]
  2452 | D:2      | Mangled by Crazy Yiuf

Illustrated notes

Levels and vault maps discovered:
D:1:      erik_arrival_orb_chamber, layout_basic, minivault_26
D:2:      layout_basic, basic_altar, chequers_ecumenical_altar_simple,
          serial_park_tiny_2, kennysheep_potato, uniq_crazy_yiuf_cottage
D:3:      layout_rooms, chequers_serial_rivers_room_a, uniq_robin

Skill      XL: |  1  2  3 |
---------------+----------+-----
Stealth        | 2 |  2.8
Fighting       | 3 |  3.4
Dodging        | 3 |  3.4
Ranged Weapons | |  5.8

Action                   |  1- 3 |  4- 6 || total
-------------------------+-------+-------++-------
 Fire: Shortbow          |    88 |    55 ||   143
Armor: Leather armour    |     4 |     5 ||     9
Dodge: Dodged            |    18 |    33 ||    51
